 Dungeon Crawl Stone Soup version 0.31.0-32-g396128a36d (webtiles) character file.

Game seed: 12580674078049584097

44 spaghetti the Trooper (level 3, -2/44 HPs)
             Began as an Oni Chaos Knight on Mar 10, 2024.
             Was a Plaything of Xom.
             Slain by an iron imp (11 damage)
             ... summoned by Xom
             ... on level 2 of the Dungeon.
             The game lasted 00:01:02 (1153 turns).

spaghetti the Trooper (Oni Chaos Knight)            Turns: 1153, Time: 00:01:02

Health: -2/44      AC:  5    Str: 16    XL:     3   Next: 60%
Magic:  3/3        EV:  9    Int: 15    God:    Xom [....*.]
Gold:   75         SH:  0    Dex:  8    Spells: 2/2 levels left

rFire   + . .        a - +0 spear (chaos)
rCold   . . .        (no shield)
rNeg    . . .        b - +2 robe
rPois   .            (helmet restricted)
rElec   .            (no cloak)
rCorr   .            (gloves unavailable)
SInv    .            (boots unavailable)
Will    .....        (no amulet)
Stlth   +            (no ring)
HPRegen 0.27/turn    (no ring)
MPRegen 0.08/turn

%: no passive effects
@: brilliant
A: large, unfitting armour, horns 1, tough skin 1, double potion healing,
drunken brawling, fire resistance 1
a: Renounce Religion


You were on level 2 of the Dungeon.
You worshipped Xom.
You were a beloved toy of Xom.
You visited 1 branch of the dungeon, and saw 2 of its levels.

You collected 75 gold pieces.

Inventory:

Hand Weapons
 a - a +0 spear of chaos (weapon)
Armour
 b - a +2 robe (worn)
Scrolls
 c - a scroll of butterflies
 g - a scroll of enchant weapon {unknown}
 h - a scroll of noise {unknown}
 j - a scroll of poison {unknown}
 k - a scroll of identify {unknown}
 l - a scroll of revelation {unknown}
Potions
 d - a potion of enlightenment {unknown}
 f - 2 potions of curing {unknown}
 i - a potion of attraction {unknown}


   Skills:
 + Level 6.0 Fighting
 - Level 3.0 Polearms
 - Level 2.1 Dodging


You had 2 spell levels left.
You didn't know any spells.
Your spell library was empty.

Dungeon Overview and Level Annotations

Branches:
Dungeon (2/15)

Altars:


Innate Abilities, Weirdness & Mutations

You are too large for most types of armour.
You have a pair of small horns on your head.
You have tough skin. (AC +1)
You gain doubled healing and magic from potions.
Whenever you drink a healing potion, you attack all around you.
Your flesh is heat resistant. (rF+)


Message History

You are too injured to fight recklessly!
You are too injured to fight recklessly!
You are too injured to fight recklessly!
You are too injured to fight recklessly!
You are too injured to fight recklessly!
You are too injured to fight recklessly!
You are too injured to fight recklessly!
You are too injured to fight recklessly!
You hit the iron imp but do no damage.
You headbutt the iron imp, but do no damage.
You completely miss the iron imp. You headbutt the iron imp.
The iron imp is lightly wounded.
The iron imp hits you but does no damage.
You hit the iron imp but do no damage.
The iron imp is lightly wounded.
The iron imp hits you but does no damage.
You hit the iron imp.
The iron imp is lightly wounded.
The iron imp laughs crazily.
The iron imp hits you but does no damage.
You hit the iron imp but do no damage.
The iron imp flies into a frenzy!
Xom is mildly amused.
The iron imp is lightly wounded.
The iron imp hits you!
You hit the iron imp but do no damage.
The acid corrodes the iron imp!
Your headbutt misses the iron imp.
The iron imp is lightly wounded.
The iron imp closely misses you.
You hit the iron imp.
The iron imp convulses.
The iron imp is moderately wounded.
The iron imp hits you!
You hit the iron imp.
The iron imp is poisoned.
The iron imp is heavily wounded.
The iron imp hits you.
* * * LOW HITPOINT WARNING * * *
It was a potion of brilliance.
You feel clever all of a sudden.
Xom roars with laughter!
The iron imp hits you!
You die...

#.#.#)###..# #.#....##..#
#.#....)...#########
.......##.###......#
#.........# #.####.# #####
.....######
#.####.####...## ##..##
###.##...........######
##..##
#....§.#.###..........#
.....# #.#..§@..#
#.....####.# ##...#
#.#|.5...# ##...## #...
#...# #.#...##.# ##### #..#
#...# #.#.#.##.# #...
#...######........# #.##
#.........####.###########
#.## ##...#####.##
#.###.#.....# #(..
....>.......# #.##........#
###.
............###.#.........#
#.


You could see a neutral iron imp (summoned, fast, strong, frenzied, very
poisoned, corroded).

Vanquished Creatures
  An adder (D:2)
  A dart slug (D:1)
  A ribbon worm (D:2)
  4 ball pythons
  3 endoplasms
  2 giant cockroaches (D:1)
  2 goblins
  4 hobgoblins
  A quokka (D:2)
  2 bats
  A frilled lizard (D:2)
  3 kobolds (D:2)
  4 rats
29 creatures vanquished.

Notes
Turn   | Place    | Note
-------+----------+-------------------------------------------
     0 | D:1      | spaghetti the Oni Chaos Knight began the quest for the Orb.
     0 | D:1      | Reached XP level 1. HP: 24/24 MP: 1/1
    92 | D:1      | XOM: silly message
   120 | D:1      | Found a faded altar of an unknown god.
   162 | D:1      | Reached XP level 2. HP: 33/33 MP: 2/2
   252 | D:1      | Reached skill level 5 in Fighting
   254 | D:1      | XOM: divination: detect items
   359 | D:1      | XOM: silly message
   385 | D:1      | XOM: silly message
   442 | D:1      | You fall into a shaft and drop 1 floor!
   572 | D:2      | Reached XP level 3. HP: 28/42 MP: 3/3
   786 | D:2      | XOM: divination: detect items
   832 | D:2      | XOM: 3-stop teleportation journey
   991 | D:2      | XOM: cloud trail
  1030 | D:2      | Reached skill level 6 in Fighting
  1113 | D:2      | XOM: give mutation
  1113 | D:2      | Gained mutation: Your flesh is heat resistant. (rF+) [Xom's
                  | grace]
  1141 | D:2      | XOM: summons 1 hostile demon
  1143 | D:2      | XOM: smoke on damage
  1153 | D:2      | Slain by an iron imp

Illustrated notes

Levels and vault maps discovered:
D:1:      tarquinn_simple_flora_water_e, layout_loops_cross,
          basic_ecumenical_altar, reono_crystal_passage
D:2:      layout_loops_cross

Skill      XL: |  1  2  3 |
---------------+----------+-----
Fighting       | 5 6 |  6.0
Polearms       | |  3.0
Dodging        | |  2.1

Action                     || total
---------------------------++-------
  Melee: Spear             ||   100
         Headbutt          ||    14
    Use: Potion            ||     1
   Stab: Sleeping          ||     1
 Armour: Robe              ||    44
  Dodge: Dodged            ||    34
